AoeStats
← Crazy_Owl

Arena

507491868Analyzed
1v1 RM · 15d ago on Sep 18, 2026· 40m 46s· 2 players
Game mode
Random Map
Map size
Tiny (2 player)
Population
200
Speed
Normal
Resources
Standard
Victory
Conquest
Starting age
Dark Age
Ending age
Imperial Age
RankedLock teamsTeams togetherTeam positionsShared explorationLock speedFull tech treeHidden civsTurbo modeCheats
Victory
Defeat
🇨🇦 Saracens · Canada
889
+16
🇳🇱 Goths · Netherlands
892
-16
Saddu_Stoic
10:55 Feudal Age
10:17 Loom
14:50 Castle Age
12:46 Double-Bit Axe
13:08 Horse Collar
15:45 Wheelbarrow
28:01 Imperial Age
26:43 Ballistics
27:48 Bow Saw
27:42 Heavy Plow
28:00 Hand Cart
28:28 Fletching
28:38 Padded Archer Armor
29:39 Counterweights
30:56 Chemistry
30:48 Thumb Ring
30:46 Bodkin Arrow
31:07 Leather Archer Armor
30:59 Scale Barding Armor
32:39 Bloodlines
32:30 Husbandry
34:05 Bracer
34:36 Ring Archer Armor
34:27 Chain Barding Armor
35:23 Forging
Crazy_Owl
11:02 Feudal Age
9:32 Loom
11:37 Double-Bit Axe
11:36 Horse Collar
12:50 Wheelbarrow
13:45 Loom
18:31 Castle Age
16:58 Gold Mining
17:37 Stone Mining
19:57 Bow Saw
19:58 Heavy Plow
26:23 Squires
25:44 Man-at-Arms
26:29 Scale Mail Armor
26:42 Forging
28:43 Long Swordsman
28:43 Pikeman
29:42 Chain Mail Armor
30:31 Hand Cart
29:56 Elite Skirmisher
30:31 Fletching
31:17 Iron Casting
33:59 Imperial Age
32:12 Bodkin Arrow
32:18 Padded Archer Armor
34:41 Ballistics
34:33 Masonry
34:03 Halberdier
35:56 Two-Handed Swordsman
37:22 Anarchy
37:44 Conscription
Connection lost

Rejoining the realm…

Still unreachable

The connection could not be restored.

Session expired

The server has moved on; the page needs a fresh start.